 Dungeon Crawl Stone Soup version 0.28.0-53-g5a82cb258f (webtiles) character file.

Game seed: 3649520167517807682

7 DungeonMaster the Magician (level 1, -1/12 (13) HPs)
             Began as a Demonspawn Hedge Wizard on July 7, 2022.
             Frozen to death by an endoplasm (2 damage)
             ... on level 1 of the Dungeon.
             The game lasted 00:00:29 (238 turns).

DungeonMaster the Magician (Demonspawn Hedge Wizard) Turns: 238, Time: 00:00:29

HP:   -1/12 (13)    AC:  2    Str: 10    XL:     1   Next: 83%
MP:   1/4           EV: 12    Int: 15    God:
Gold: 18            SH:  0    Dex: 12    Spells: 5/6 levels left

rFire   . . .      SeeInvis .   h - +2 short sword (drain)
rCold   . . .      Faith    .   (no shield)
rNeg    . . .      Spirit   .   b - +0 robe
rPois   .          Reflect  .   c - +0 hat
rElec   .          Harm     .   (no cloak)
rCorr   .          Rampage  .   (no gloves)
Will    .....                   (no boots)
Stlth   ++........              (no amulet)
HPRegen 0.04/turn               (no ring)
MPRegen 0.09/turn               (no ring)

@: drained
A: no striking features
a: no special abilities


You were on level 1 of the Dungeon.
You visited 1 branch of the dungeon, and saw 1 of its levels.

You collected 18 gold pieces.

Inventory:

Hand Weapons
 a - a +0 dagger
 h - a +2 short sword of draining (weapon)
Missiles
 f - 77 stones
Armour
 b - a +0 robe (worn)
 c - a +0 hat (worn)
Jewellery
 g - a +4 ring of protection
Scrolls
 e - a scroll of immolation {unknown}
Potions
 d - a potion of invisibility {unknown}


   Skills:
 - Level 1.7 Dodging
 - Level 1.7 Stealth
 * Level 3.2 Spellcasting
 * Level 1.5 Conjurations
 - Level 1.0 Summonings
 - Level 0.8 Translocations


You had 5 spell levels left.
You knew the following spells:

 Your Spells              Type           Power      Damage    Failure   Level
a - Magic Dart            Conj           24%        1d4       11%         1

Your spell library contained the following spells:

 Spells                   Type           Power      Damage    Failure   Level
 Slow                     Hex            8%         N/A       21%         1
 Call Imp                 Summ           5%         N/A       21%         2
 Blink                    Tloc           8%         N/A       22%         2
 Conjure Flame            Conj/Fire      4%         6-21      41%         3
 Mephitic Cloud           Conj/Pois/Air  3%         N/A       43%         3


Dungeon Overview and Level Annotations

Branches:
Dungeon (1/15)

Altars:


Message History

Confirm with . or Enter, or press ? or * to list all spells.
You don't have enough magic to cast this spell.
You hit the kobold but do no damage.
The kobold is moderately wounded.
The kobold closely misses you.
You hit the kobold.
The kobold is severely wounded.
The kobold hits you with a +2 short sword of draining.
You feel drained.
There are monsters nearby!
The kobold closely misses you.
Casting: Magic Dart (safe; 11% risk of failure)
Confirm with . or Enter, or press ? or * to list all spells.
You don't have enough magic to cast this spell.
Casting: Magic Dart (safe; 11% risk of failure)
Confirm with . or Enter, or press ? or * to list all spells.
Aiming: Magic Dart (safe; 11% risk of failure)
Press: ? - help, Shift-Dir - straight line, f/p - kobold
Aim: a kobold, wielding a +2 short sword of draining (severely wounded, 100% to hit)
The magic dart hits the kobold.
You kill the kobold!
Your magical contamination has completely faded away.
The endoplasm freezes you.
You are frozen.
Things that are here:
a +2 short sword of draining; a kobold corpse
h - a +2 short sword of draining The endoplasm freezes you.
You are frozen.
The rat bites you.
There is an open door here.
You sense an unholy aura.
h - a +2 short sword of draining (weapon)
The endoplasm freezes you.
You are frozen.
* * * LOW HITPOINT WARNING * * *
You hit the endoplasm.
The endoplasm is heavily wounded.
The endoplasm freezes you.
You are frozen.
You die...

..#.# #.#........#.# #)#.#
####.#........#.# ..#.#
#....#........#.####
###.####.#...........#....###
..#......+...........#..#...##
#.##.....#........†...........
#.##.....##....#r####..######
#.##.....##....#J# ##.#
#.######.##....#@# #.# ..#
#.##.####.# #.# ###
#.#.......# #.'..♣ #.#########
#.#..♣ #.#.... ..# ..... ..#
##### ... #...


You could see an endoplasm and a rat.

Vanquished Creatures
  A bat (D:1)
  2 endoplasms (D:1)
  A goblin (D:1)
  A ball python (D:1)
  A kobold (D:1)
6 creatures vanquished.

Notes
Turn   | Place    | Note
-------+----------+-------------------------------------------
     0 | D:1      | DungeonMaster the Demonspawn Hedge Wizard began the quest
                  | for the Orb.
     0 | D:1      | Reached XP level 1. HP: 13/13 MP: 4/4
   238 | D:1      | Frozen to death by an endoplasm

Illustrated notes

Levels and vault maps discovered:
D:1:      mrwooster_arrival_statue_2, layout_basic,
          hellmonk_ecumenical_altar_inner_sanctum, serial_shops,
          nicolae_shop_bloodbath_and_beyond

Action                   || total
-------------------------++-------
Melee: Dagger            ||     2
       Short sword       ||     1
 Cast: Magic Dart        ||    12
Dodge: Dodged            ||     3
